 Dungeon Crawl Stone Soup version 0.21-a0-632-g1e37ce5 (webtiles) character file.

32 Gorice the Skirmisher (level 3, -2/27 HPs)
             Began as a Demonspawn Wanderer on Dec 27, 2017.
             Slain by a gnoll
             ... wielding a +0 spear
              (5 damage)
             ... on level 1 of the Dungeon.
             The game lasted 00:03:37 (1951 turns).

Gorice the Skirmisher (Demonspawn Wanderer)         Turns: 1951, Time: 00:03:38

Health: -2/27      AC:  4    Str: 13    XL:     3   Next: 8%
Magic:  6/6        EV:  8    Int: 13    God:
Gold:   9          SH:  7    Dex: 12    Spells: 6/6 levels left

rFire    . . .     SeeInvis .   a - +0 whip
rCold    . . .     Gourm    .   h - +0 shield
rNeg     . . .     Faith    .   m - -2 ring mail (curse)
rPois    .         Spirit   .   (no helmet)
rElec    .         Reflect  .   (no cloak)
rCorr    .         Harm     .   (no gloves)
MR       .....                  (no boots)
Stlth    +.........             (no amulet)
HPRegen  0.09/turn              (no ring)
MPRegen  0.10/turn              (no ring)

@: no status effects
A: talons 1, rugged brown scales 1
a: no special abilities


You were on level 1 of the Dungeon.
You were not hungry.

You visited 1 branch of the dungeon, and saw 2 of its levels.

You collected 9 gold pieces.

Inventory:

Hand Weapons
 a - a +0 whip (weapon)
 d - a +0 club
Missiles
 Y - 123 stones (quivered)
Armour
 c - a +0 robe
 h - a +0 shield (worn)
 m - a cursed -2 ring mail (worn)
Scrolls
 e - 2 scrolls of teleportation {!r}
 g - a scroll of remove curse {unknown}
 l - a scroll of identify {unknown}
Potions
 b - 2 potions of curing
 j - a potion of might {unknown}
 k - a potion of lignification {unknown}
Books
 i - a book of Changes
Comestibles
 f - 5 rations


   Skills:
 - Level 2.1 Fighting
 * Level 1.7 Maces & Flails
 - Level 1.7 Dodging
 - Level 1.0 Stealth
 - Level 1.0 Shields
 - Level 1.0 Unarmed Combat
 - Level 2.0 Spellcasting
   Level 1.0 Summonings
   Level 1.0 Evocations


You had 6 spell levels left.
You didn't know any spells.

Dungeon Overview and Level Annotations

Branches:
Dungeon (2/15)

Altars:
Elyvilon
Wu Jian


Innate Abilities, Weirdness & Mutations

You have sharp toenails.
You are partially covered in rugged brown scales. (AC +1, +3% HP)


Message History

The gnoll hits you with a spear. The gnoll hits you!
There is a stone staircase leading up, spattered with blood here.
Damage: 12 (max 12) Unknown command.
The gnoll closely misses you. The gnoll barely misses you.
You climb upwards.
There is a stone staircase leading down here.
Unknown command.
You closely miss the gnoll. The gnoll closely misses you.
The gnoll hits you but does no damage. The gnoll closely misses you.
You barely miss the gnoll. You block the gnoll's attack.
The gnoll hits you with a spear.
* * * LOW HITPOINT WARNING * * *
Damage: 2 (max 12)
You hit the gnoll. Your kick misses the gnoll.
The gnoll is moderately wounded.
The gnoll hits you.
* * * LOW HITPOINT WARNING * * *
The gnoll hits you with a spear.
* * * LOW HITPOINT WARNING * * *
Damage: 7 (max 12)
You hit the gnoll.
The gnoll is moderately wounded.
You block the gnoll's attack. The gnoll hits you but does no damage.
You hit the gnoll. Your kick misses the gnoll.
The gnoll is heavily wounded.
The gnoll barely misses you. The gnoll hits you but does no damage.
Unknown command.
You barely miss the gnoll.
The gnoll is heavily wounded.
The gnoll hits you.
* * * LOW HITPOINT WARNING * * *
The gnoll hits you with a spear.
* * * LOW HITPOINT WARNING * * *
Damage: 5 (max 12)
You feel better. The gnoll closely misses you. x2
Unknown command.
You hit the gnoll but do no damage. Your kick misses the gnoll.
The gnoll is heavily wounded.
The gnoll barely misses you. You block the gnoll's attack.
You hit the gnoll.
The gnoll is almost dead.
The gnoll hits you.
* * * LOW HITPOINT WARNING * * *
The gnoll hits you but does no damage. The gnoll barely misses you.
Damage: 5 (max 12)
You hit the gnoll but do no damage. Your kick misses the gnoll.
The gnoll is almost dead.
The gnoll hits you with a spear.
You die...

..##'##..........##..)......#
.##...##.........##.........#
.#..<..#.....#...##.........#
.##...##.....#...##.........#
..##+##......##..###........#
.............##..###........#
.......).....#..............#
.............###g###........#
############...g@# #.########
####### #.# #.# #.# #.# #.#
#.# #.# ### #.#


You could see 2 gnolls.

Vanquished Creatures
  2 dart slugs (D:1)
  A giant cockroach (D:1)
  4 goblins (D:1)
  5 hobgoblins (D:1)
  2 jackals (D:1)
  3 bats
  3 frilled lizards
  4 kobolds
  2 rats (D:1)
26 creatures vanquished.

Notes
Turn   | Place    | Note
-------+----------+-------------------------------------------
     0 | D:1      | Gorice the Demonspawn Wanderer began the quest for the Orb.
     0 | D:1      | Gorice set off with: a +0 shield, 2 potions of curing, a +0 robe, a +0 club, a ration
     0 | D:1      | Reached XP level 1. HP: 15/15 MP: 3/3
   153 | D:1      | HP: 2/15 [hobgoblin (3)]
   514 | D:1      | Reached skill level 2 in Fighting
   747 | D:1      | Gained mutation: You are partially covered in rugged brown scales. (AC +1, +3% HP) [demonic ancestry]
   747 | D:1      | Reached XP level 2. HP: 16/22 MP: 5/5
   903 | D:1      | Reached skill level 1 in Maces & Flails
  1501 | D:2      | Gained mutation: You have sharp toenails. [demonic ancestry]
  1501 | D:2      | Reached XP level 3. HP: 27/27 MP: 6/6
  1528 | D:2      | Found a white marble altar of Elyvilon.
  1611 | D:2      | Found an ornate altar of the Wu Jian Council.
  1672 | D:2      | HP: 8/27 [gnoll/spear (7)]
  1675 | D:2      | HP: 3/27 [gnoll/spear (5)]
  1944 | D:1      | HP: 6/27 [gnoll/spear (3)]
  1947 | D:1      | HP: 2/27 [gnoll/spear (3)]
  1951 | D:1      | Slain by a gnoll

Vault maps used:
D:1:      dpeg_arrival_shelter
D:2:      elyvilon_altar_5, lemuel_doored_altar

Skill      XL: |  1  2 |
---------------+-------+-----
Fighting       | 2 |  2.1
Maces & Flails | 1 |  1.7
Dodging        | |  1.7
Stealth        | |  1.0
Shields        | |  1.0
Unarmed Combat | |  1.0
Spellcasting   | |  2.0
Summonings     | |  1.0
Evocations     | |  1.0

Action                   || total
-------------------------++-------
Melee: Club              ||    24
       Whip              ||   103
  Use: Scroll            ||     3
       Potion            ||     1
  Eat: Chunk             ||     3
Armor: Robe              ||    29
       Ring mail         ||     6
Dodge: Dodged            ||    63
Block: Shield            ||    48

Table legend:
 A = Spawn XP
 B = Non-spawn XP
 C = Spawn XP percentage of total XP
 D = Spawn monster count
 E = Non-spawn monster count
 F = Spawn count percentage of total count
 G = Total turns spent on level
                    A         B        C        D         E        F      G
               +---------+---------+-------+---------+---------+-------+---------
         Total |       0 |      46 |   0.0 |       0 |      26 |   0.0 |  1951
               +---------+---------+-------+---------+---------+-------+---------
           D:1 |       0 |      39 |   0.0 |       0 |      21 |   0.0 |  1749
           D:2 |       0 |       7 |   0.0 |       0 |       5 |   0.0 |   202
               +---------+---------+-------+---------+---------+-------+---------

Table legend:
 A = Turns spent in this place as a percentage of turns spent in the entire game.
 B = Non-inter-level travel turns spent in this place as a percentage of non-inter-level travel turns spent in the entire game.
 C = Inter-level travel turns spent in this place as a percentage of turns spent in this place.
 D = Turns resting spent in this place as a percentage of non-inter-level travel turns spent in this place.
 E = Turns spent auto-exploring this place as a percentage of non-inter-level travel turns spent in this place.
 F = Non-inter-level travel turns spent in this place divided by the number of levels of this place that you've seen.
                   A       B       C       D       E      F
               +-------+-------+-------+-------+-------+----------------------
         Total | 100.0 | 100.0 |   2.4 |  55.1 |  21.2 | 952.5
       Dungeon | 100.0 | 100.0 |   2.4 |  55.1 |  21.2 | 952.5
               +-------+-------+-------+-------+-------+----------------------

Vault maps used:
D:1:      dpeg_arrival_shelter
D:2:      elyvilon_altar_5, lemuel_doored_altar
